 Dungeon Crawl Stone Soup version 0.28.0-45-g0d030f2227 (webtiles) character file.

Game seed: 17882268806234650255

1337 101zpm the Chiller (level 8, -8/54 HPs)
             Began as a Vampire Ice Elementalist on Apr 12, 2022.
             Killed from afar by Maggie (12 damage)
             ... with a bolt of fire
             ... on level 6 of the Dungeon.
             The game lasted 00:32:31 (9858 turns).

101zpm the Chiller (Vampire Ice Elementalist)       Turns: 9858, Time: 00:32:31

Health: -8/54      AC:  7    Str:  7    XL:     8   Next: 35%
Magic:  4/17       EV: 13    Int: 23    God:
Gold:   221        SH:  0    Dex: 14    Spells: 13/19 levels left

rFire   . . .      SeeInvis +   h - +2 dagger (drain)
rCold   . . .      Faith    .   (no shield)
rNeg    . . .      Spirit   .   H - +1 robe "Mihiyr" {rPois rCorr Int+3}
rPois   +          Reflect  .   o - +1 helmet
rElec   .          Harm     .   r - +0 cloak
rCorr   +          Rampage  .   m - +0 pair of gloves
Will    .....                   (no boots)
Stlth   +++.......              (no amulet)
HPRegen 0.38/turn               e - ring of resist corrosion
MPRegen 0.15/turn               (no ring)

@: healing quickly
A: alive, fangs 3, see invisible, vampiric 2
a: Exsanguinate


You were on level 6 of the Dungeon.
You visited 1 branch of the dungeon, and saw 7 of its levels.

You collected 221 gold pieces.

Inventory:

Hand Weapons
 h - a +2 dagger of draining (weapon)
 s - a +0 vampiric whip
 y - a +1 halberd of venom
 F - a +0 vorpal flail
Missiles
 n - 125 stones
 t - 9 poisoned darts
 u - 74 sling bullets
 v - 50 arrows
 w - 78 bolts
 E - 3 boomerangs (quivered)
Armour
 a - a +0 robe
 m - a +0 pair of gloves (worn)
 o - a +1 helmet (worn)
 q - an orb of guile
 r - a +0 cloak (worn)
 H - the +1 robe "Mihiyr" (worn) {rPois rCorr Int+3}
   (You found it on level 5 of the Dungeon)

   Int:       It affects your intelligence (+3).
   rPois:     It protects you from poison.
   rCorr:     It protects you from acid and corrosion.
Jewellery
 e - a ring of resist corrosion (left hand)
 I - a ring of protection from cold
 K - an amulet of regeneration
Scrolls
 b - 3 scrolls of magic mapping
 c - a scroll of noise {unknown}
 f - 2 scrolls of enchant weapon {unknown}
 g - 5 scrolls of identify
 i - 4 scrolls of teleportation {unknown}
 l - a scroll of summoning {unknown}
 p - a scroll of fear {unknown}
 x - a scroll of silence {unknown}
 D - a scroll of acquirement {unknown}
 G - a scroll of fog {unknown}
Potions
 d - 2 potions of degeneration
 j - 2 potions of curing
 k - 2 potions of might {unknown}
 z - 2 potions of lignification {unknown}
 A - a potion of mutation {unknown}
 B - a potion of cancellation {unknown}
 C - 2 potions of haste {unknown}
 J - a potion of brilliance {unknown}


   Skills:
 + Level 1.0 Fighting
 + Level 3.0 Short Blades
 + Level 4.5 Dodging
 + Level 4.2 Stealth
 + Level 6.0 Spellcasting
 + Level 6.2 Ice Magic
 + Level 2.3 Air Magic
 + Level 2.0 Poison Magic


You had 13 spell levels left.
You knew the following spells:

 Your Spells              Type           Power      Damage    Failure   Level
a - Freeze                Ice            100%       1d11      1%          1
b - Frozen Ramparts       Ice            70%        1d9       1%          3
c - Poisonous Vapours     Pois/Air       32%        N/A       5%          2

Your spell library contained the following spells:

 Spells                   Type           Power      Damage    Failure   Level
 Ozocubu's Armour         Ice            35%        N/A       1%          3
 Sting                    Tmut/Pois      44%        1d5       5%          1
 Hailstorm                Conj/Ice       21%        3d6       24%         4
 Olgreb's Toxic Radiance  Pois           16%        N/A       36%         4


Dungeon Overview and Level Annotations

Branches:
Dungeon (7/15)
 Temple: D:4-7

Altars:
Trog

Shops:
D:1 (

Annotations:
D:6 Maggie


Innate Abilities, Weirdness & Mutations

Your natural rate of healing is accelerated.
You have razor-sharp teeth.
You have supernaturally acute eyesight. (SInv)
You are afflicted with vampirism and can become a bat while bloodless.


Message History

Throw: 3 boomerangs
Press: ? - help, Q - select action, (/) - cycle Shift-Dir - straight line, f/p - Maggie
Aim: Maggie, wielding a +0 war axe and wearing +0 steam dragon scales (lightly wounded, mesmerising, extremely poisoned, 57% to hit)
You throw a boomerang.
The boomerang hits Maggie but does no damage.
Maggie is lightly wounded.
The wall freezes Maggie.
Maggie points at you and mumbles some strange words.
The bolt of fire hits you!
Throw: 3 boomerangs
Press: ? - help, Q - select action, (/) - cycle Shift-Dir - straight line, f/p - Maggie
Aim: Maggie, wielding a +0 war axe and wearing +0 steam dragon scales (moderately wounded, mesmerising, extremely poisoned, 57% to hit)
You throw a boomerang. The boomerang barely misses Maggie.
The wall freezes Maggie.
The wall freezes Maggie!
Maggie hits you with a +0 war axe.
You hit Maggie.
Maggie is heavily wounded.
You hit Maggie but do no damage.
Maggie is heavily wounded.
The wall freezes Maggie.
Maggie hits you with a +0 war axe.
You hit Maggie. Your punch misses Maggie.
Maggie is severely wounded.
The wall freezes Maggie.
Maggie hits you with a +0 war axe.
* * * LOW HITPOINT WARNING * * *
You hit Maggie.
Maggie is severely wounded.
The frozen ramparts melt away.
Maggie hits you with a +0 war axe!
* * * LOW HITPOINT WARNING * * *
You hit Maggie.
Maggie is severely wounded.
Maggie casts a spell at you. The bolt of fire misses you.
You hit Maggie but do no damage.
Maggie is almost dead.
You closely miss Maggie.
Maggie is almost dead.
You break out of your daze.
Maggie gestures at you while chanting. The bolt of fire hits you!
You die...

....# ###### ####
....#
##....############
#####
#.....'...........
#.....############
#.....# #.....#
#.....# #.#####
#@# ## #@# .# #.#
.# #.# .# #)# ##
#.. #.. #..


You could see Maggie (very poisoned).

Vanquished Creatures
  Eustachio (D:4)
  A water moccasin (D:6)
  An ice beast (D:5)
  A sky beast (D:3)
  A kobold brigand (D:6)
  A scorpion (D:5)
  A water moccasin zombie (D:5)
  4 killer bees (D:7)
  2 jellies
  A centaur zombie (D:6)
  An orc priest (D:4)
  A bullfrog skeleton (D:6)
  An iguana (D:5)
  An orc wizard (D:3)
  A killer bee zombie (D:6)
  A hound skeleton (D:4)
  A howler monkey zombie (D:5)
  7 gnolls
  12 adders
  An ufetubus (D:6)
  An adder zombie (D:5)
  3 worms
  4 dart slugs
  12 orcs
  9 ball pythons
  6 endoplasms
  4 giant cockroaches
  12 hobgoblins
  2 quokkas
  5 bats
  4 frilled lizards
  6 goblins
  14 kobolds
  3 rats
126 creatures vanquished.

Notes
Turn   | Place    | Note
-------+----------+-------------------------------------------
     0 | D:1      | 101zpm the Vampire Ice Elementalist began the quest for the
                  | Orb.
     0 | D:1      | Reached XP level 1. HP: 13/13 MP: 3/3
    84 | D:1      | Found Fiutiwug's Weapon Shoppe.
   490 | D:1      | Reached XP level 2. HP: 15/19 MP: 1/5
   625 | D:1      | Found a faded altar of an unknown god.
  1439 | D:2      | Gained mutation: You are afflicted with vampirism and can
                  | become a bat while bloodless. [Vampire growth]
  1439 | D:2      | Reached XP level 3. HP: 24/24 MP: 3/6
  1775 | D:2      | Learned a level 3 spell: Frozen Ramparts
  1789 | D:2      | Reached skill level 5 in Ice Magic
  1789 | D:2      | Reached XP level 4. HP: 24/30 MP: 1/7
  2919 | D:3      | Noticed a sky beast
  2957 | D:3      | Learned a level 2 spell: Poisonous Vapours
  2967 | D:3      | Killed a sky beast
  2968 | D:3      | Reached XP level 5. HP: 27/35 MP: 1/10
  3581 | D:3      | Reached XP level 6. HP: 33/41 MP: 1/11
  4228 | D:4      | Noticed Eustachio
  4565 | D:5      | Entered Level 5 of the Dungeon
  5751 | D:7      | Reached skill level 1 in Short Blades
  5948 | D:7      | Reached skill level 1 in Air Magic
  5949 | D:7      | Reached XP level 7. HP: 47/47 MP: 2/13
  6188 | D:6      | Reached skill level 1 in Poison Magic
  6532 | D:4      | Killed Eustachio
  6533 | D:4      | Reached skill level 5 in Spellcasting
  7178 | D:4      | Found a bloodstained altar of Trog.
  7475 | D:5      | Identified the +1 robe "Mihiyr" {rPois rCorr Int+3}
  8275 | D:5      | Reached XP level 8. HP: 53/53 MP: 4/16
  9616 | D:6      | Reached skill level 1 in Fighting
  9843 | D:6      | Noticed Maggie
  9858 | D:6      | Killed from afar by Maggie

Illustrated notes

Levels and vault maps discovered:
D:1:      dpeg_chamrin_arrival_tetris, layout_rooms, serial_shops,
          nicolae_shop_bloodbath_and_beyond, nicolae_ecumenical_snake_handling,
          minmay_stone_trees_large, minmay_small_reverse_x
D:2:      layout_basic
D:3:      minmay_recursive_quarters, layout_rooms
D:4:      layout_rooms, trog_book, uniq_eustachio
D:5:      layout_layer_cave
D:6:      layout_basic, uniq_maggie
D:7:      layout_gridville, temple_doors_ab

Skill      XL: |  1  2  3  4  5  6  7  8 |
---------------+-------------------------+-----
Ice Magic      | 5 6 |  6.2
Spellcasting   | 3 4 5 6 |  6.0
Dodging        | 3 4 |  4.5
Short Blades   | 1 2 3 |  3.0
Air Magic      | 1 2 |  2.3
Poison Magic   | 1 2 |  2.0
Stealth        | 4 |  4.2
Fighting       | 1 |  1.0

Action                   |  1- 3 |  4- 6 |  7- 9 || total
-------------------------+-------+-------+-------++-------
Melee: Unarmed           |    14 |       |       ||    14
       Dagger            |     8 |    61 |   156 ||   225
       Bite              |     2 |     7 |    13 ||    22
       Punch             |       |     1 |     3 ||     4
Throw: Boomerang         |       |       |     2 ||     2
 Cast: Freeze            |    41 |     5 |    13 ||    59
       Frozen Ramparts   |     2 |    15 |    14 ||    31
       Poisonous Vapours |       |    29 |    35 ||    64
  Use: Scroll            |       |     3 |       ||     3
 Stab: Sleeping          |     2 |     3 |     3 ||     8
Armor: Robe              |     8 |    26 |    63 ||    97
Dodge: Dodged            |    33 |    68 |   113 ||   214
